 Dungeon Crawl Stone Soup version 0.24.1-14-gf8d2b509d9 (webtiles) character file.

Game seed: 9732955362154071104, levelgen mode: deterministic

3546 H0rd4k the Cutter (level 10, -3/74 HPs)
             Began as a Human Artificer on May 19, 2020.
             Was an Initiate of Gozag.
             Slain by a troll (13 damage)
             ... on level 10 of the Dungeon.
             The game lasted 00:25:08 (11759 turns).

H0rd4k the Cutter (Human Artificer)                Turns: 11759, Time: 00:25:09

Health: -3/74      AC:  6    Str: 23    XL:     10   Next: 30%
Magic:  13/13      EV: 15    Int: 13    God:    Gozag
Gold:   1048       SH:  0    Dex: 13    Spells: 9/9 levels left

rFire    . . .     SeeInvis .   v - +2 dagger (freeze)
rCold    . . .     Gourm    .   (no shield)
rNeg     . . .     Faith    .   K - +2 leather armour of Muez {rF- rCorr Str+8}
rPois    .         Spirit   .   D - +0 helmet
rElec    .         Reflect  .   (no cloak)
rCorr    +         Harm     .   (no gloves)
MR       .....                  (no boots)
Stlth    ++++......             (no amulet)
HPRegen  0.22/turn              G - ring of stealth
MPRegen  0.13/turn              Q - ring of protection from fire

@: no status effects
A: no striking features
a: Potion Petition, Call Merchant, Bribe Branch, Renounce Religion


You were on level 10 of the Dungeon.
You worshipped Gozag.
Gozag was most pleased with you.
You were not hungry.

You visited 2 branches of the dungeon, and saw 11 of its levels.

You collected 1112 gold pieces.
You paid 64 gold pieces to Gozag.

Inventory:

Hand Weapons
 a - a +0 short sword
 v - a +2 dagger of freezing (weapon)
 S - a +2 dagger of electrocution
Missiles
 i - 48 poisoned darts (quivered)
 w - 4 boomerangs of dispersal
Armour
 b - a +0 leather armour
 x - a +1 leather armour of fire resistance
 D - a +0 helmet (worn)
 K - the +2 leather armour of Muez (worn) {rF- rCorr Str+8}
   (You found it on level 7 of the Dungeon)

   It affects your strength (+8).
   It makes you vulnerable to fire.
   It provides partial protection from all sources of acid and corrosion.
Magical Staves
 y - an uncursed staff of conjuration
Jewellery
 C - an uncursed ring of magical power
 G - a ring of stealth (left hand)
 J - an uncursed ring of wizardry
 Q - a ring of protection from fire (right hand)
 T - a +5 ring of dexterity
Wands
 c - a wand of flame (24)
 d - a wand of enslavement (9)
 e - a wand of random effects (32)
 L - a wand of iceblast (4)
 P - a wand of polymorph (6)
Scrolls
 g - 3 scrolls of teleportation {unknown}
 j - 5 scrolls of remove curse
 k - 2 scrolls of random uselessness {unknown}
 l - a scroll of fear {unknown}
 o - a scroll of immolation {unknown}
 t - a scroll of enchant weapon {unknown}
 u - 3 scrolls of amnesia {unknown}
 z - 2 scrolls of enchant armour {unknown}
 A - 5 scrolls of fog {unknown}
 E - 4 scrolls of identify {unknown}
 I - a scroll of blinking {unknown}
 M - a scroll of torment {unknown}
 O - 2 scrolls of magic mapping {unknown}
Potions
 h - a potion of brilliance
 m - 3 potions of flight {unknown}
 n - 4 potions of curing
 p - a potion of mutation {unknown}
 q - a potion of agility
 r - a potion of lignification {unknown}
 s - a potion of cancellation {unknown}
 B - a potion of might {unknown}
 F - a potion of degeneration {unknown}
 H - 2 potions of haste {unknown}
 N - 3 potions of heal wounds {unknown}
 R - a potion of resistance {unknown}
Comestibles
 f - 8 rations


   Skills:
 + Level 5.2 Fighting
 + Level 7.8 Short Blades
 + Level 3.0 Throwing
 + Level 5.0 Armour
 + Level 6.5 Dodging
 + Level 5.2 Stealth
 + Level 4.5 Evocations


You had 9 spell levels left.
You didn't know any spells.
Your spell library contained the following spells:

 Spells                   Type           Power        Failure   Level  Hunger
 Animate Skeleton         Necr           N/A          34%         1    ##.....
 Apportation              Tloc           #.....       34%         1    ##.....
 Confusing Touch          Hex            #.....       34%         1    ##.....
 Corona                   Hex            #......      34%         1    ##.....
 Summon Small Mammal      Summ           #...         34%         1    ##.....
 Ensorcelled Hibernation  Hex/Ice        #.....       45%         2    ###....
 Slow                     Hex            #.......     45%         2    ###....
 Confuse                  Hex            #.......     71%         3    ####...
 Dazzling Spray           Conj/Hex       #.....       71%         3    ####...
 Gell's Gravitas          Tloc           #.........   71%         3    ####...
 Inner Flame              Hex/Fire       #.......     71%         3    ####...
 Portal Projectile        Hex/Tloc       #.....       71%         3    ####...
 Tukima's Dance           Hex            #.......     71%         3    ####...
 Cause Fear               Hex            #.........   98%         4    #####..
 Leda's Liquefaction      Hex/Erth       #.........   98%         4    #####..
 Petrify                  Tmut/Erth      #.......     98%         4    #####..
 Metabolic Englaciation   Hex/Ice        #.........   100%        5    ######.
 Yara's Violent Unravell  Hex/Tmut       #.........   100%        5    ######.


Dungeon Overview and Level Annotations

Branches:
Dungeon (10/15)            Temple (1/1) D:5             Orc (0/2) D:10
   Lair: D:8-11

Altars:
Ashenzari
Dithmenos
Elyvilon
Fedhas
Gozag
Kikubaaqudgha
Makhleb
Nemelex Xobeh
Qazlal
Ru
Sif Muna
Uskayaw
Vehumet
Xom
The Shining One

Shops:
D:4 *

Annotations:
D:3 3 runed translucent doors, exclusion: phantom, Gabide's ghost, amateur HuMo; Teror's ghost, amateur DrAE; Thomus's ghost, amateur DECj; brutalism's ghost, amateur MiBe
D:4 exclusion: downstairs
D:6 3 runed translucent doors, exclusion: ice beast, VeryBadPlayer's ghost, novice MiFi; beardedkeet's ghost, novice HaHu; letownia's ghost, novice GnEE
D:7 exclusions: troll and upstairs
D:8 exclusion: killer bee
D:9 exclusion: downstairs


Message History

Aiming: Throw Flame
Press: ? - help, Shift-Dir - straight line, f/p - troll
Aim: a troll (severely wounded, poisoned)
The puff of flame hits the troll.
The troll is severely wounded.
The troll barely misses you. The troll claws you. x2
* * * LOW HITPOINT WARNING * * *
Evoke which item? (* to show all) (? for menu, Esc to quit)
Aiming: Throw Flame
Press: ? - help, Shift-Dir - straight line, f/p - troll
Aim: a troll (almost dead, poisoned)
The puff of flame hits the troll.
The troll is almost dead.
The troll bites you!
* * * LOW HITPOINT WARNING * * *
The troll claws you.
* * * LOW HITPOINT WARNING * * *
The troll claws you!
You die...
Your body crumbles into a pile of gold.

#####..## #.........## ##.###
........####..........## #..#
###...#..#.........##..###.##
#.>....#..........####...##
#..........##.....## ##..##
...#####....##.#....###....##
.(((# ##......##..#..##.....##
....(.#.......##..##......#..#
.....(.........T@.##....####.#
. #..((..##.......#....# ##.#
###..................###.##
#...................##.#
##.....######..#.......#
#.......# #..##......#####
..#..###.## #.####......##.#
####.# ##.# #.# #.####...##
#.# #.####.####.# ##.##


You could see a troll.

Vanquished Creatures
  A troll (D:10)
  A hippogriff (D:10)
  A water moccasin (D:9)
  4 ogres
  An ice beast (D:7)
  2 sky beasts
  A phantom (D:8)
  5 big kobolds
  A bullfrog (D:6)
  A water moccasin zombie (D:9)
  3 scorpions
  3 killer bees (D:8)
  4 howler monkeys
  A centaur zombie (D:8)
  2 crimson imps
  A bullfrog zombie (D:8)
  4 hounds
  2 jellies
  A centaur skeleton (D:6)
  8 orc priests
  7 orc wizards
  4 bullfrog skeletons
  Jessica (D:2)
  2 iguanas (D:9)
  6 worker ants
  A hound skeleton (D:7)
  A worker ant zombie (D:9)
  A gnoll (D:4)
  A howler monkey skeleton (D:8)
  5 adders
  A shadow imp (D:9)
  An ooze (D:2)
  An adder skeleton (D:7)
  5 worms
  3 dart slugs
  7 leopard geckos
  49 orcs
  9 bats
  11 giant cockroaches
  9 goblins
  17 hobgoblins
  7 quokkas
  4 frilled lizards
  2 jackal zombies
  36 kobolds
  A leopard gecko skeleton (D:7)
  A leopard gecko zombie (D:9)
  8 rats
248 creatures vanquished.

Vanquished Creatures (collateral kills)
  A worker ant (D:6)
  An adder (D:6)
  A worm (D:6)
  2 orcs (D:6)
5 creatures vanquished.

Vanquished Creatures (others)
  An orc priest (D:9)
  2 plants (D:1)
  2 withered plants (D:3)
5 creatures vanquished.

Grand Total: 258 creatures vanquished

Notes
Turn   | Place    | Note
-------+----------+-------------------------------------------
     0 | D:1      | H0rd4k the Human Artificer began the quest for the Orb.
     0 | D:1      | Reached XP level 1. HP: 15/15 MP: 3/3
   250 | D:1      | Reached XP level 2. HP: 18/21 MP: 4/4
   990 | D:1      | Reached XP level 3. HP: 18/26 MP: 5/5
  1427 | D:2      | Reached XP level 4. HP: 26/33 MP: 6/6
  1429 | D:2      | Reached skill level 1 in Armour
  1644 | D:2      | Noticed Jessica
  1652 | D:2      | Killed Jessica
  1652 | D:2      | Reached skill level 2 in Short Blades
  1711 | D:2      | Reached XP level 5. HP: 7/38 MP: 7/7
  2319 | D:3      | Found a runed translucent gate.
  2319 | D:3      | Found a runed translucent gate.
  2319 | D:3      | Found a runed translucent gate.
  2321 | D:3      | Noticed brutalism's ghost (amateur MiBe)
  2322 | D:3      | Noticed Teror's ghost (amateur DrAE)
  2323 | D:3      | Noticed Gabide's ghost (amateur HuMo)
  2323 | D:3      | Noticed Thomus's ghost (amateur DECj)
  2403 | D:3      | Found a shadowy altar of Dithmenos.
  2778 | D:3      | Reached skill level 1 in Throwing
  3365 | D:3      | Found a radiant altar of Vehumet.
  3503 | D:3      | Reached XP level 6. HP: 42/44 MP: 8/8
  3718 | D:4      | Found a sacrificial altar of Ru.
  3775 | D:4      | Noticed a phantom
  3904 | D:4      | Found a glowing golden altar of the Shining One.
  3929 | D:4      | Found Bahef's Assorted Antiques.
  4031 | D:4      | Noticed an ogre
  4040 | D:4      | Killed an ogre
  4701 | D:4      | Reached skill level 3 in Short Blades
  4701 | D:4      | Reached XP level 7. HP: 46/51 MP: 9/9
  4835 | D:5      | Entered Level 5 of the Dungeon
  5018 | D:5      | Found an ancient bone altar of Kikubaaqudgha.
  5446 | D:5      | Reached skill level 4 in Short Blades
  5644 | D:5      | Reached XP level 8. HP: 16/58 MP: 10/10
  5974 | D:5      | Found a staircase to the Ecumenical Temple.
  6593 | D:5      | Found a shimmering altar of Xom.
  6603 | D:5      | Found a shattered altar of Ashenzari.
  6707 | Temple   | Entered the Ecumenical Temple
  6739 | Temple   | Became a worshipper of Gozag Ym Sagoz the Greedy
  7229 | D:6      | Reached skill level 5 in Short Blades
  7299 | D:7      | Got a steaming leather armour
  7310 | D:7      | Identified the +2 leather armour of Muez {rF- rCorr Str+8}
                  | (You found it on level 7 of the Dungeon)
  7378 | D:7      | Found a stormy altar of Qazlal.
  7379 | D:7      | Noticed a water elemental
  7379 | D:7      | Noticed an air elemental
  7379 | D:7      | Noticed a fire elemental
  7642 | D:7      | Found an ancient bone altar of Kikubaaqudgha.
  7668 | D:7      | Reached XP level 9. HP: 55/65 MP: 12/12
  7839 | D:7      | Noticed a troll
  8004 | D:6      | Found a runed translucent gate.
  8004 | D:6      | Found a runed translucent gate.
  8004 | D:6      | Found a runed translucent gate.
  8005 | D:6      | Noticed letownia's ghost (novice GnEE)
  8005 | D:6      | Noticed beardedkeet's ghost (novice HaHu)
  8005 | D:6      | Noticed VeryBadPlayer's ghost (novice MiFi)
  8476 | D:8      | Found a shimmering blue altar of Sif Muna.
  8677 | D:8      | Reached skill level 6 in Short Blades
  8677 | D:8      | Reached skill level 5 in Dodging
 10014 | D:8      | Reached skill level 7 in Short Blades
 10577 | D:9      | Reached XP level 10. HP: 58/73 MP: 13/13
 11055 | D:10     | Entered Level 10 of the Dungeon
 11055 | D:10     | Found a staircase to the Orcish Mines.
 11056 | D:10     | Reached skill level 5 in Fighting
 11169 | D:10     | Reached skill level 5 in Armour
 11169 | D:10     | Reached skill level 5 in Stealth
 11759 | D:10     | Slain by a troll

Levels and vault maps discovered:
D:1:      dpeg_arrival_oval, layout_basic, lexackson_kobold_supper
D:2:      layout_rooms, minmay_worlds_worst_comb, uniq_jessica
D:3:      layout_loops_corners, nicolae_dithmenos_through_a_glass_darkly,
          vehumet_crystals, gammafunk_ghost_cemetery
D:4:      corexii_shantytown, layout_cave_pools,
          nicolae_ru_sacrificial_ziggurat, nicolae_tso_swordbearing_angel,
          first_ration, serial_shops, nicolae_shop_crystal
D:5:      layout_loops_ring, kiku_gazebo_pond_becter,
          amethyst_overflow_temple_binary, temple_hall, hangedman_decor_opposing
D:6:      layout_cave_pools, gammafunk_ghost_cemetery, roderic_roman_lattice,
          uniq_crazy_yiuf_cottage
D:7:      layout_layer_cave, nicolae_qazlal_style_of_elements, basic_altar
D:8:      layout_basic, overflow_temple_1_default, ebering_ghost_rock_garden
D:9:      layout_long_grid
D:10:     minmay_the_grid_triangle_9x9_recursive_2
          [minmay_the_grid_triangle_9x9_prize_special,
          minmay_the_grid_triangle_9x9_descending_squares,
          minmay_the_grid_triangle_9x9_warning,
          minmay_the_grid_triangle_9x9_zippers_vertical], layout_layer_cave,
          orc_0_dummy, minmay_misc_feat_doors
Temple:   oiseaux_autumnal_temple

Skill      XL: |  1  2  3  4  5  6  7  8  9 10 |
---------------+-------------------------------+-----
Armour         | 1 2 3 4 5 |  5.0
Short Blades   | 2 3 4 5 7 |  7.8
Fighting       | 2 3 4 5 |  5.2
Dodging        | 3 4 6 |  6.5
Throwing       | 1 2 3 |  3.0
Stealth        | 2 3 4 5 |  5.2
Evocations     | 4 |  4.5

Action                   |  1- 3 |  4- 6 |  7- 9 | 10-12 || total
-------------------------+-------+-------+-------+-------++-------
Melee: Short sword       |   116 |    85 |       |       ||   201
       Dagger            |       |   241 |   673 |    94 ||  1008
Throw: Dart              |       |    42 |    16 |    11 ||    69
Evoke: Wand              |     1 |     4 |    12 |     7 ||    24
  Use: Potion            |       |     2 |     3 |       ||     5
       Scroll            |       |       |     1 |       ||     1
 Stab: Sleeping          |     1 |     4 |    12 |     4 ||    21
       Distracted        |     1 |     1 |     3 |       ||     5
       Confused          |       |     1 |       |       ||     1
  Eat: Chunk             |     2 |    10 |     7 |       ||    19
       Ration            |       |       |     4 |     1 ||     5
Armor: Leather armour    |    25 |    67 |   105 |    11 ||   208
Dodge: Dodged            |    80 |   180 |   261 |    55 ||   576
